Spitfire vs Demolitions
(R1)
Created - 4 février 2014 at 19:03
Goals
|
| Spitfire |
0 |
1 |
1 |
2 |
| Demolitions |
2 |
3 |
2 |
7 |
|
Shots
|
| Spitfire |
7 |
12 |
8 |
27 |
| Demolitions |
6 |
16 |
7 |
29 |
|
1st period
1. Demolitions , Jordan LaVallee 7 (Nicolas Blanchard, Spencer Machacek) at 9:45
2. Demolitions , Ryan Craig 17 (Cal Clutterbuck) at 10:39
Penalties :
Josh Brittain (Val) for Roughing (Minor) at 5:53, Anton Babchuk (Vic) for Roughing (Minor) at 12:17, Anssi Salmela (Vic) for Hooking (Minor) at 18:06
2nd period
3. Spitfire , Keaton Ellerby 2 (Marc-Antoine Pouliot, Radek Smolenak) at 2:01 (PP)
4. Demolitions , Troy Brouwer 21 (Brandon Bochenski, Brad Richardson) at 4:42
5. Demolitions , Jordan LaVallee 8 (Andy Rogers) at 5:42
6. Demolitions , T.J. Hensick 23 (Anthony Stewart, Andy Rogers) at 9:48
Penalties :
Matt Corrente (Vic) for Roughing (Minor) at 1:19
3rd period
7. Demolitions , Troy Brouwer 22 (Brad Richardson, Brandon Bochenski) at 8:28 (PP)
8. Demolitions , Cal Clutterbuck 9 (Anton Babchuk, Kyle Cumiskey) at 14:17
9. Spitfire , Shean Donovan 27 (Kris Beech) at 14:28
Penalties :
Troy Brouwer (Vic) for High sticking (Minor) at 1:46, Eric Mestery (Val) for Interference (Minor) at 7:20, Kyle Cumiskey (Vic) for Tripping (Minor) at 9:58, Radek Smolenak (Val) for Kneeing (Major) at 15:56
Goalie Stats
Yann Danis (Val), 8 saves from 12 shots - (0,667), L, 9-12-4, 25:42 minutes
Michael Hutchinson (Val), 14 saves from 17 shots - (0,824), 34:18 minutes
Chad Johnson (Vic), 25 saves from 27 shots - (0,926), W, 12-9-2, 60:00 minutes
Players Stats for Spitfire
Player Name G A P +/- PIM S H SB GA TA FO MP PP MP PK MP
------------------------------------------------------------------------------------
Brad Staubitz 0 0 0 -3 0 2 1 0 0 0 1/2 9:52 0:00 0:00
Eric Mestery 0 0 0 -2 2 0 0 0 0 0 0/0 10:59 0:00 0:43
Erik Condra 0 0 0 -1 0 1 1 0 0 0 0/1 17:56 3:58 2:06
Josh Brittain 0 0 0 -1 2 1 4 0 0 1 0/0 8:46 0:00 0:00
Keaton Ellerby 1 0 1 -2 0 2 5 0 0 2 0/0 21:52 3:54 2:55
Kevin Klein 0 0 0 -1 0 2 2 3 0 3 0/0 27:08 4:44 3:32
Kris Beech 0 1 1 0 0 2 0 1 1 0 16/33 21:23 4:40 3:02
MacGregor Sharp 0 0 0 -1 0 0 0 0 0 0 0/2 9:26 0:00 0:39
Marc-Antoine Pouliot 0 1 1 -1 0 1 2 1 0 0 7/12 17:56 3:58 2:06
Mathieu Roy 0 0 0 -1 0 5 1 2 1 1 0/0 27:08 4:44 3:32
Matt Delahey 0 0 0 -2 0 0 0 0 0 1 0/0 11:00 0:00 0:43
Matt Walker 0 0 0 -2 0 1 1 1 1 0 0/0 21:52 3:54 2:55
Patrice Cormier 0 0 0 -3 0 0 2 0 0 1 1/1 11:42 0:00 1:50
Patrick Davis 0 0 0 0 0 0 0 0 0 0 0/0 0:00 0:00 0:00
Paul Bissonnette 0 0 0 0 0 1 4 0 1 0 1/1 18:40 4:40 0:19
Radek Smolenak 0 1 1 -1 5 0 1 0 0 0 0/1 15:49 3:58 0:00
Raymond Sawada 0 0 0 -1 0 1 1 0 0 1 0/0 8:47 0:00 0:00
Shean Donovan 1 0 1 0 0 7 3 1 2 0 1/3 21:31 4:40 3:10
Tony Lucia 0 0 0 -3 0 1 1 0 0 0 0/1 11:00 0:00 1:08
Players Stats for Demolitions
Player Name G A P +/- PIM S H SB GA TA FO MP PP MP PK MP
------------------------------------------------------------------------------------
Andy Rogers 0 2 2 1 0 1 1 1 0 0 0/0 29:56 3:45 5:13
Anssi Salmela 0 0 0 2 2 0 0 1 0 1 0/0 10:42 0:47 0:38
Anthony Stewart 0 1 1 0 0 1 2 0 2 1 0/1 19:55 3:02 2:32
Anton Babchuk 0 1 1 2 2 3 1 1 3 2 0/0 19:40 2:38 2:36
Brad Richardson 0 2 2 1 0 3 0 2 0 1 2/4 19:20 3:08 4:59
Brandon Bochenski 0 2 2 1 0 0 1 0 0 0 0/0 14:03 3:08 0:00
Cal Clutterbuck 1 1 2 2 0 4 4 0 2 0 0/1 13:52 0:54 1:07
Jordan LaVallee 2 0 2 2 0 3 0 1 0 0 0/0 8:57 0:29 1:07
Kyle Cumiskey 0 1 1 1 2 1 2 0 0 0 0/0 28:22 3:45 3:40
Kyle Wharton 0 0 0 2 0 0 0 1 0 0 0/0 11:31 0:47 1:44
Marcel Hossa 0 0 0 0 0 3 2 1 0 0 1/4 19:40 3:01 2:32
Matt Corrente 0 0 0 2 2 1 4 0 1 1 0/0 20:16 2:38 3:25
Nicolas Blanchard 0 1 1 2 0 0 0 0 0 0 2/4 7:00 0:13 0:00
Petr Vrana 0 0 0 2 0 1 1 0 0 0 0/1 12:07 0:47 0:00
Ryan Craig 1 0 1 2 0 1 2 0 0 0 3/5 12:29 0:47 0:00
Spencer Machacek 0 1 1 2 0 0 0 0 0 0 0/0 6:47 0:00 0:00
T.J. Hensick 1 0 1 0 0 5 1 1 1 0 22/37 22:13 3:02 4:59
Troy Brouwer 2 0 2 1 2 2 2 0 1 0 0/0 14:27 2:59 0:00
3 Stars
1 - Jordan LaVallee (Vic)
2 - Cal Clutterbuck (Vic)
3 - Troy Brouwer (Vic)
Power Play
Spitfire - 1 on 5 Attempt(s) - 20,00%
Demolitions - 1 on 3 Attempt(s) - 33,33%
Penalty Kill
Spitfire - 2 on 3 Attempt(s) - 66,67%
- Score 0 goal in Penalty Kill
Demolitions - 4 on 5 Attempt(s) - 80,00%
- Score 0 goal in Penalty Kill
Official
Referees : Kozari Steve and Watson Brad
Linesman : Derek Nansen and Don Henderson
Game Notes
Michael Hutchinson enters game at 5:42 of 2nd period
Finance
Level 1 -- Attendance: 1587 (79,35%) -- Ticket Income 55 545 $
Level 2 -- Attendance: 681 (68,10%) -- Ticket Income 10 215 $
Total Attendance: 2268 (75,60%)
Total Ticket Income: 65 760 $
Other Income: 3 288 $
Total Income: 69 048 $
Spitfire
5 vs 5 Forward
Center Left Wing Right Wing Time % Phy DF OF
1 Kris Beech Paul Bissonnette Shean Donovan 40 1 2 2
2 Marc-Antoine Pouliot Radek Smolenak Erik Condra 30 1 2 2
3 Patrice Cormier Tony Lucia Brad Staubitz 20 1 2 2
4 MacGregor Sharp Josh Brittain Raymond Sawada 10 1 2 2
5 vs 5 Defense
Defense Defense Time % Phy DF OF
1 Kevin Klein Mathieu Roy 40 1 2 2
2 Matt Walker Keaton Ellerby 30 1 2 2
3 Matt Delahey Eric Mestery 20 1 2 2
4 Kevin Klein Mathieu Roy 10 1 2 2
PowerPlay Forward
Center Left Wing Right Wing Time % Phy DF OF
1 Kris Beech Paul Bissonnette Shean Donovan 60 1 2 2
2 Marc-Antoine Pouliot Radek Smolenak Erik Condra 40 1 2 2
PowerPlay Defense
Defense Defense Time % Phy DF OF
1 Kevin Klein Mathieu Roy 60 1 2 2
2 Matt Walker Keaton Ellerby 40 1 2 2
Penalty Kill 4 Players Forward
Center Wing Time % Phy DF OF
1 Shean Donovan Kris Beech 60 1 2 2
2 Marc-Antoine Pouliot Erik Condra 40 1 2 2
Penalty Kill 4 Players Defense
Defense Defense Time % Phy DF OF
1 Kevin Klein Mathieu Roy 60 1 2 2
2 Matt Walker Keaton Ellerby 40 1 2 2
Penalty Kill - 3 Players Forward
Forward Time % Phy DF OF
1 Shean Donovan 60 1 2 2
2 Kris Beech 40 1 2 2
Penalty Kill - 3 Players Defense
Defense Defense Time % Phy DF OF
1 Kevin Klein Mathieu Roy 60 1 2 2
2 Matt Walker Keaton Ellerby 40 1 2 2
4 vs 4 Forward
Center Wing Time % Phy DF OF
1 Shean Donovan Kris Beech 60 1 2 2
2 Marc-Antoine Pouliot Erik Condra 40 1 2 2
4 vs 4 Defense
Defense Defense Time % Phy DF OF
1 Kevin Klein Mathieu Roy 60 1 2 2
2 Matt Walker Keaton Ellerby 40 1 2 2
Last Minutes Offensive
Center Left Wing Right Wing Defense Defense
Kris Beech Paul Bissonnette Shean Donovan Kevin Klein Mathieu Roy
Last Minutes Defensive
Center Left Wing Right Wing Defense Defense
Kris Beech Paul Bissonnette Shean Donovan Kevin Klein Mathieu Roy
Goaltenders
Starting : Yann Danis
Backup : Michael Hutchinson
Extra Forwards
Normal : Brad Staubitz, Raymond Sawada, Patrice Cormier - PP : Brad Staubitz, Raymond Sawada - PK : Patrice Cormier
Extra Defensemen
Normal : Matt Delahey, Eric Mestery, Matt Walker - PP : Matt Delahey - PK : Eric Mestery, Matt Walker
Penalty Shots
Shean Donovan, Kris Beech, Marc-Antoine Pouliot, Erik Condra, Brad Staubitz
Demolitions
5 vs 5 Forward
Center Left Wing Right Wing Time % Phy DF OF
1 T.J. Hensick Marcel Hossa Anthony Stewart 40 1 2 2
2 Brad Richardson Troy Brouwer Brandon Bochenski 30 1 2 2
3 Ryan Craig Petr Vrana Cal Clutterbuck 20 1 2 2
4 Nicolas Blanchard Jordan LaVallee Spencer Machacek 10 1 2 2
5 vs 5 Defense
Defense Defense Time % Phy DF OF
1 Kyle Cumiskey Andy Rogers 40 1 2 2
2 Anton Babchuk Matt Corrente 30 1 2 2
3 Anssi Salmela Kyle Wharton 20 1 2 2
4 Kyle Cumiskey Andy Rogers 10 1 2 2
PowerPlay Forward
Center Left Wing Right Wing Time % Phy DF OF
1 T.J. Hensick Marcel Hossa Anthony Stewart 60 1 2 2
2 Brad Richardson Troy Brouwer Brandon Bochenski 40 1 2 2
PowerPlay Defense
Defense Defense Time % Phy DF OF
1 Kyle Cumiskey Andy Rogers 60 1 2 2
2 Anton Babchuk Matt Corrente 40 1 2 2
Penalty Kill 4 Players Forward
Center Wing Time % Phy DF OF
1 T.J. Hensick Brad Richardson 60 1 2 2
2 Marcel Hossa Anthony Stewart 40 1 2 2
Penalty Kill 4 Players Defense
Defense Defense Time % Phy DF OF
1 Kyle Cumiskey Andy Rogers 60 1 2 2
2 Anton Babchuk Matt Corrente 40 1 2 2
Penalty Kill - 3 Players Forward
Forward Time % Phy DF OF
1 T.J. Hensick 60 1 2 2
2 Brad Richardson 40 1 2 2
Penalty Kill - 3 Players Defense
Defense Defense Time % Phy DF OF
1 Kyle Cumiskey Andy Rogers 60 1 2 2
2 Anton Babchuk Matt Corrente 40 1 2 2
4 vs 4 Forward
Center Wing Time % Phy DF OF
1 T.J. Hensick Brad Richardson 60 1 2 2
2 Marcel Hossa Anthony Stewart 40 1 2 2
4 vs 4 Defense
Defense Defense Time % Phy DF OF
1 Kyle Cumiskey Andy Rogers 60 1 2 2
2 Anton Babchuk Matt Corrente 40 1 2 2
Last Minutes Offensive
Center Left Wing Right Wing Defense Defense
T.J. Hensick Marcel Hossa Anthony Stewart Kyle Cumiskey Andy Rogers
Last Minutes Defensive
Center Left Wing Right Wing Defense Defense
T.J. Hensick Marcel Hossa Anthony Stewart Kyle Cumiskey Andy Rogers
Goaltenders
Starting : Chad Johnson
Backup : Antero Niittymaki
Extra Forwards
Normal : Ryan Craig, Petr Vrana, Cal Clutterbuck - PP : Ryan Craig, Petr Vrana - PK : Cal Clutterbuck
Extra Defensemen
Normal : Anssi Salmela, Kyle Wharton, Anton Babchuk - PP : Anssi Salmela - PK : Kyle Wharton, Anton Babchuk
Penalty Shots
T.J. Hensick, Brad Richardson, Marcel Hossa, Anthony Stewart, Ryan Craig
% Time on Ice - Spitfire
Lines # - Real PCT - Wanted PCT - Time Play
Normal Forward
1 - 31% - 40% - 13:41
2 - 27% - 30% - 11:52
3 - 22% - 20% - 9:52
4 - 20% - 10% - 8:47
Normal Defense
1 - 38% - 40% - 16:50
2 - 34% - 30% - 15:03
3 - 23% - 20% - 10:17
4 - 5% - 10% - 2:02
PP Forward
1 - 54% - 60% - 4:40
2 - 46% - 40% - 3:58
PP Defense
1 - 55% - 60% - 4:44
2 - 45% - 40% - 3:54
PK Forward
1 - 71% - 60% - 5:04
2 - 29% - 40% - 2:06
PK Defense
1 - 59% - 60% - 4:15
2 - 41% - 40% - 2:55
PK3 Forward
1 - 0% - 60%
2 - 0% - 40%
PK3 Defense
1 - 0% - 60%
2 - 0% - 40%
44 Forward
1 - 0% - 60%
2 - 0% - 40%
44 Defense
1 - 0% - 60%
2 - 0% - 40%
Last Minute Offensive - 0:00
Last Minute Defensive - 0:00
Total
Forward - 60:00
Defense - 60:00
|
% Time on Ice - Demolitions
Lines # - Real PCT - Wanted PCT - Time Play
Normal Forward
1 - 34% - 40% - 14:57
2 - 25% - 30% - 11:08
3 - 26% - 20% - 11:20
4 - 15% - 10% - 6:47
Normal Defense
1 - 43% - 40% - 19:03
2 - 32% - 30% - 14:14
3 - 20% - 20% - 9:00
4 - 4% - 10% - 1:55
PP Forward
1 - 56% - 60% - 4:02
2 - 44% - 40% - 3:08
PP Defense
1 - 52% - 60% - 3:45
2 - 48% - 40% - 3:25
PK Forward
1 - 71% - 60% - 6:06
2 - 29% - 40% - 2:32
PK Defense
1 - 58% - 60% - 5:01
2 - 42% - 40% - 3:37
PK3 Forward
1 - 0% - 60%
2 - 0% - 40%
PK3 Defense
1 - 0% - 60%
2 - 0% - 40%
44 Forward
1 - 0% - 60%
2 - 0% - 40%
44 Defense
1 - 0% - 60%
2 - 0% - 40%
Last Minute Offensive - 0:00
Last Minute Defensive - 0:00
Total
Forward - 60:00
Defense - 60:00
|
Play by Play
1st period
0:01 of 1st period - Paul Bissonnette wins face-off versus T.J. Hensick in neutral zone.
0:04 of 1st period - T.J. Hensick is hit by Shean Donovan and loses puck.
0:09 of 1st period - Wrist shot by Kris Beech.
0:09 of 1st period - Shot Hit the Post.
0:11 of 1st period - Snap shot by Kevin Klein.
0:11 of 1st period - Stopped by Chad Johnson without a rebound.
0:12 of 1st period - Brad Richardson wins face-off versus Marc-Antoine Pouliot in Demolitions zone.
0:12 of 1st period - Brad Richardson is hit by Keaton Ellerby.
0:38 of 1st period - Patrice Cormier is hit by Cal Clutterbuck and loses puck.
1:27 of 1st period - Wrist shot by Raymond Sawada.
1:27 of 1st period - Shot Blocked by Jordan LaVallee.
1:43 of 1st period - Slapshot by Marc-Antoine Pouliot.
1:43 of 1st period - Shot Misses the Net.
2:05 of 1st period - Snap shot by Matt Walker.
2:05 of 1st period - Deflect By Tony Lucia.
2:05 of 1st period - Shot Misses the Net.
2:05 of 1st period - Puck is out of play.
2:06 of 1st period - Ryan Craig wins face-off versus Tony Lucia in Demolitions zone.
2:06 of 1st period - Ryan Craig is hit by Kevin Klein.
2:43 of 1st period - Slapshot by Brad Staubitz.
2:43 of 1st period - Stopped by Chad Johnson without a rebound.
2:44 of 1st period - Kris Beech wins face-off versus T.J. Hensick in Demolitions zone.
3:09 of 1st period - Mathieu Roy is hit by Troy Brouwer and loses puck.
3:20 of 1st period - Brad Richardson is hit by Marc-Antoine Pouliot.
3:34 of 1st period - Spencer Machacek is hit by Shean Donovan and loses puck.
4:06 of 1st period - Off-side.
4:07 of 1st period - Patrice Cormier wins face-off versus Petr Vrana in neutral zone.
4:22 of 1st period - Slapshot by Mathieu Roy.
4:22 of 1st period - Stopped by Chad Johnson without a rebound.
4:23 of 1st period - T.J. Hensick wins face-off versus Kris Beech in Demolitions zone.
4:30 of 1st period - Snap shot by Marcel Hossa.
4:30 of 1st period - Deflect By T.J. Hensick.
4:30 of 1st period - Shot Misses the Net.
4:30 of 1st period - Puck is out of play.
4:31 of 1st period - T.J. Hensick wins face-off versus Kris Beech in Spitfire zone.
4:42 of 1st period - Slapshot by Kris Beech.
4:42 of 1st period - Shot Blocked by Andy Rogers.
4:51 of 1st period - Off-side.
4:52 of 1st period - Marc-Antoine Pouliot wins face-off versus Brad Richardson in neutral zone.
5:45 of 1st period - Slapshot by Jordan LaVallee.
5:45 of 1st period - Stopped by Yann Danis with a rebound.
5:47 of 1st period - Wrist shot by Anssi Salmela.
5:47 of 1st period - Shot Misses the Net.
5:53 of 1st period - Minor Penalty to Josh Brittain for Roughing.
5:54 of 1st period - Shean Donovan wins face-off versus T.J. Hensick in Spitfire zone.
6:01 of 1st period - Snap shot by Kris Beech.
6:01 of 1st period - Shot Misses the Net.
7:53 of 1st period - Penalty to Josh Brittain is over, Josh Brittain is back on ice.
8:05 of 1st period - Slapshot by Ryan Craig.
8:05 of 1st period - Shot Blocked by Mathieu Roy.
8:07 of 1st period - Slapshot by Anssi Salmela.
8:07 of 1st period - Shot Blocked by Kevin Klein.
8:09 of 1st period - Slapshot by Kyle Wharton.
8:09 of 1st period - Deflect By Petr Vrana.
8:09 of 1st period - Shot Misses the Net.
8:09 of 1st period - Puck is out of play.
8:10 of 1st period - Nicolas Blanchard wins face-off versus Erik Condra in Spitfire zone.
8:17 of 1st period - Slapshot by Anton Babchuk.
8:17 of 1st period - Shot Blocked by Marc-Antoine Pouliot.
8:23 of 1st period - Slapshot by Anton Babchuk.
8:23 of 1st period - Stopped by Yann Danis with a rebound.
8:42 of 1st period - Petr Vrana is hit by Keaton Ellerby and loses puck.
9:04 of 1st period - Brandon Bochenski is hit by Brad Staubitz and loses puck.
9:31 of 1st period - Off-side.
9:32 of 1st period - Nicolas Blanchard wins face-off versus Marc-Antoine Pouliot in neutral zone.
9:45 of 1st period - Snap shot by Jordan LaVallee.
9:45 of 1st period - Goal by Jordan LaVallee - Spitfire : 0 - Demolitions : 1.
9:46 of 1st period - T.J. Hensick wins face-off versus Kris Beech in neutral zone.
10:17 of 1st period - Slapshot by Troy Brouwer.
10:17 of 1st period - Shot Blocked by Kevin Klein.
10:37 of 1st period - Wrist shot by Cal Clutterbuck.
10:37 of 1st period - Stopped by Yann Danis with a rebound.
10:39 of 1st period - Wrist shot by Ryan Craig.
10:39 of 1st period - Goal by Ryan Craig - Spitfire : 0 - Demolitions : 2.
10:40 of 1st period - T.J. Hensick wins face-off versus Kris Beech in neutral zone.
11:33 of 1st period - Wrist shot by Shean Donovan.
11:33 of 1st period - Deflect By Kris Beech.
11:33 of 1st period - Shot Misses the Net.
11:33 of 1st period - Puck is out of play.
11:34 of 1st period - Marc-Antoine Pouliot wins face-off versus T.J. Hensick in Demolitions zone.
12:17 of 1st period - Minor Penalty to Anton Babchuk for Roughing.
12:18 of 1st period - T.J. Hensick wins face-off versus Kris Beech in Demolitions zone.
12:29 of 1st period - Snap shot by Kris Beech.
12:29 of 1st period - Shot Blocked by T.J. Hensick.
13:21 of 1st period - Matt Walker is hit by Matt Corrente.
14:17 of 1st period - Penalty to Anton Babchuk is over, Anton Babchuk is back on ice.
14:22 of 1st period - Kyle Cumiskey is hit by Keaton Ellerby and loses puck.
14:57 of 1st period - Snap shot by Raymond Sawada.
14:57 of 1st period - Stopped by Chad Johnson without a rebound.
14:58 of 1st period - Marcel Hossa wins face-off versus MacGregor Sharp in Demolitions zone.
15:03 of 1st period - Snap shot by MacGregor Sharp.
15:03 of 1st period - Shot Blocked by Anssi Salmela.
15:23 of 1st period - Kyle Wharton is hit by Patrice Cormier and loses puck.
15:30 of 1st period - Snap shot by Brad Richardson.
15:30 of 1st period - Stopped by Yann Danis without a rebound.
15:31 of 1st period - Kris Beech wins face-off versus T.J. Hensick in Spitfire zone.
15:31 of 1st period - Kris Beech is hit by Marcel Hossa.
16:42 of 1st period - Snap shot by Kris Beech.
16:42 of 1st period - Stopped by Chad Johnson with a rebound.
16:44 of 1st period - Slapshot by Keaton Ellerby.
16:44 of 1st period - Stopped by Chad Johnson with a rebound.
16:46 of 1st period - Slapshot by Matt Walker.
16:46 of 1st period - Stopped by Chad Johnson with a rebound.
17:10 of 1st period - T.J. Hensick is hit by Josh Brittain and loses puck.
17:47 of 1st period - Slapshot by Jordan LaVallee.
17:47 of 1st period - Shot Misses the Net.
18:01 of 1st period - Icing by Anton Babchuk.
18:02 of 1st period - Brad Staubitz wins face-off versus Ryan Craig in Demolitions zone.
18:06 of 1st period - Minor Penalty to Anssi Salmela for Hooking.
18:07 of 1st period - Kris Beech wins face-off versus T.J. Hensick in Demolitions zone.
18:25 of 1st period - Mathieu Roy is hit by Matt Corrente and loses puck.
19:07 of 1st period - Icing by Keaton Ellerby.
19:08 of 1st period - Marc-Antoine Pouliot wins face-off versus Marcel Hossa in Spitfire zone.
19:41 of 1st period - Andy Rogers is hit by Radek Smolenak and loses puck.
Goals for this period are 0 for Spitfire vs 2 for Demolitions.
Shots for this period are 7 for Spitfire vs 6 for Demolitions.
2nd period
0:01 of 2nd period - T.J. Hensick wins face-off versus Kris Beech in neutral zone.
0:06 of 2nd period - Penalty to Anssi Salmela is over, Anssi Salmela is back on ice.
0:14 of 2nd period - Slapshot by Kris Beech.
0:14 of 2nd period - Shot Misses the Net.
0:16 of 2nd period - Snap shot by Shean Donovan.
0:16 of 2nd period - Shot Misses the Net.
0:39 of 2nd period - Slapshot by Kyle Cumiskey.
0:39 of 2nd period - Shot Misses the Net.
1:19 of 2nd period - Minor Penalty to Matt Corrente for Roughing.
1:20 of 2nd period - Kris Beech wins face-off versus T.J. Hensick in Demolitions zone.
1:21 of 2nd period - Slapshot by Shean Donovan.
1:21 of 2nd period - Stopped by Chad Johnson with a rebound.
1:49 of 2nd period - Icing by Marc-Antoine Pouliot.
1:50 of 2nd period - Marc-Antoine Pouliot wins face-off versus Marcel Hossa in Spitfire zone.
1:59 of 2nd period - Snap shot by Marc-Antoine Pouliot.
1:59 of 2nd period - Shot Misses the Net.
2:01 of 2nd period - Slapshot by Keaton Ellerby.
2:01 of 2nd period - Goal by Keaton Ellerby - Spitfire : 1 - Demolitions : 2.
2:02 of 2nd period - T.J. Hensick wins face-off versus Kris Beech in neutral zone.
2:19 of 2nd period - Marcel Hossa is hit by Shean Donovan.
3:01 of 2nd period - Matt Walker is hit by Ryan Craig and loses puck.
3:12 of 2nd period - Slapshot by Keaton Ellerby.
3:12 of 2nd period - Shot Misses the Net.
3:14 of 2nd period - Snap shot by Josh Brittain.
3:14 of 2nd period - Stopped by Chad Johnson with a rebound.
3:38 of 2nd period - Slapshot by T.J. Hensick.
3:38 of 2nd period - Stopped by Yann Danis with a rebound.
3:40 of 2nd period - Slapshot by Matt Corrente.
3:40 of 2nd period - Stopped by Yann Danis without a rebound.
3:41 of 2nd period - Kris Beech wins face-off versus T.J. Hensick in Spitfire zone.
3:50 of 2nd period - Snap shot by Kevin Klein.
3:50 of 2nd period - Shot Blocked by Marcel Hossa.
4:06 of 2nd period - Brad Richardson is hit by Kevin Klein.
4:26 of 2nd period - Backhand shot by Raymond Sawada.
4:26 of 2nd period - Shot Blocked by Kyle Wharton.
4:42 of 2nd period - Wrist shot by Brandon Bochenski.
4:42 of 2nd period - Deflect By Troy Brouwer.
4:42 of 2nd period - Goal by Troy Brouwer - Spitfire : 1 - Demolitions : 3.
4:43 of 2nd period - T.J. Hensick wins face-off versus Kris Beech in neutral zone.
4:46 of 2nd period - Wrist shot by Marcel Hossa.
4:46 of 2nd period - Stopped by Yann Danis with a rebound.
4:48 of 2nd period - Slapshot by Andy Rogers.
4:48 of 2nd period - Stopped by Yann Danis without a rebound.
4:49 of 2nd period - T.J. Hensick wins face-off versus Kris Beech in Spitfire zone.
4:50 of 2nd period - Snap shot by Marcel Hossa.
4:50 of 2nd period - Shot Misses the Net.
5:42 of 2nd period - Wrist shot by Jordan LaVallee.
5:42 of 2nd period - Goal by Jordan LaVallee - Spitfire : 1 - Demolitions : 4.
5:42 of 2nd period - Michael Hutchinson enters game.
5:43 of 2nd period - Kris Beech wins face-off versus T.J. Hensick in neutral zone.
5:48 of 2nd period - Slapshot by Shean Donovan.
5:48 of 2nd period - Stopped by Chad Johnson with a rebound.
5:50 of 2nd period - Wrist shot by Paul Bissonnette.
5:50 of 2nd period - Shot Misses the Net.
5:52 of 2nd period - Slapshot by Mathieu Roy.
5:52 of 2nd period - Stopped by Chad Johnson with a rebound.
5:54 of 2nd period - Snap shot by Paul Bissonnette.
5:54 of 2nd period - Stopped by Chad Johnson with a rebound.
5:56 of 2nd period - Wrist shot by Mathieu Roy.
5:56 of 2nd period - Stopped by Chad Johnson without a rebound.
5:57 of 2nd period - Marc-Antoine Pouliot wins face-off versus Anthony Stewart in Demolitions zone.
6:09 of 2nd period - Andy Rogers is hit by Erik Condra and loses puck.
6:35 of 2nd period - Snap shot by Brad Richardson.
6:35 of 2nd period - Stopped by Michael Hutchinson without a rebound.
6:36 of 2nd period - T.J. Hensick wins face-off versus Marc-Antoine Pouliot in Spitfire zone.
6:39 of 2nd period - Wrist shot by T.J. Hensick.
6:39 of 2nd period - Deflect By Marcel Hossa.
6:39 of 2nd period - Stopped by Michael Hutchinson without a rebound.
6:40 of 2nd period - Marc-Antoine Pouliot wins face-off versus T.J. Hensick in Spitfire zone.
6:40 of 2nd period - Marc-Antoine Pouliot is hit by Matt Corrente.
6:48 of 2nd period - Wrist shot by Marcel Hossa.
6:48 of 2nd period - Shot Misses the Net.
6:50 of 2nd period - Snap shot by T.J. Hensick.
6:50 of 2nd period - Stopped by Michael Hutchinson with a rebound.
6:52 of 2nd period - Slapshot by Anton Babchuk.
6:52 of 2nd period - Deflect By Erik Condra.
6:52 of 2nd period - Stopped by Michael Hutchinson without a rebound.
6:53 of 2nd period - Kris Beech wins face-off versus T.J. Hensick in Spitfire zone.
6:53 of 2nd period - Kris Beech is hit by Kyle Cumiskey.
7:21 of 2nd period - Snap shot by Kevin Klein.
7:21 of 2nd period - Shot Blocked by Brad Richardson.
7:23 of 2nd period - Snap shot by Erik Condra.
7:23 of 2nd period - Stopped by Chad Johnson without a rebound.
7:24 of 2nd period - Brad Richardson wins face-off versus Marc-Antoine Pouliot in Demolitions zone.
7:50 of 2nd period - Anton Babchuk is hit by Matt Walker and loses puck.
7:55 of 2nd period - Slapshot by Kevin Klein.
7:55 of 2nd period - Shot Blocked by Anton Babchuk.
7:57 of 2nd period - Slapshot by Mathieu Roy.
7:57 of 2nd period - Shot Misses the Net.
7:59 of 2nd period - Snap shot by Marc-Antoine Pouliot.
7:59 of 2nd period - Shot Misses the Net.
8:01 of 2nd period - Wrist shot by Mathieu Roy.
8:01 of 2nd period - Stopped by Chad Johnson with a rebound.
8:03 of 2nd period - Snap shot by Erik Condra.
8:03 of 2nd period - Shot Misses the Net.
8:07 of 2nd period - Snap shot by Marc-Antoine Pouliot.
8:07 of 2nd period - Deflect By Radek Smolenak.
8:07 of 2nd period - Shot Blocked by Brad Richardson.
8:07 of 2nd period - Puck is out of play.
8:08 of 2nd period - Kris Beech wins face-off versus T.J. Hensick in Demolitions zone.
8:11 of 2nd period - Wrist shot by Kris Beech.
8:11 of 2nd period - Deflect By Shean Donovan.
8:11 of 2nd period - Stopped by Chad Johnson with a rebound.
8:35 of 2nd period - Ryan Craig is hit by Josh Brittain and loses puck.
9:02 of 2nd period - Nicolas Blanchard is hit by Keaton Ellerby and loses puck.
9:17 of 2nd period - Snap shot by Marc-Antoine Pouliot.
9:17 of 2nd period - Shot Misses the Net.
9:48 of 2nd period - Snap shot by T.J. Hensick.
9:48 of 2nd period - Goal by T.J. Hensick - Spitfire : 1 - Demolitions : 5.
9:49 of 2nd period - Kris Beech wins face-off versus Marcel Hossa in neutral zone.
11:05 of 2nd period - Ryan Craig is hit by Patrice Cormier and loses puck.
11:20 of 2nd period - Off-side.
11:21 of 2nd period - Kris Beech wins face-off versus Nicolas Blanchard in neutral zone.
12:04 of 2nd period - Off-side.
12:05 of 2nd period - Ryan Craig wins face-off versus MacGregor Sharp in neutral zone.
12:08 of 2nd period - Mathieu Roy is hit by Cal Clutterbuck.
12:39 of 2nd period - Icing by Paul Bissonnette.
12:40 of 2nd period - T.J. Hensick wins face-off versus Kris Beech in Spitfire zone.
12:49 of 2nd period - Wrist shot by Marcel Hossa.
12:49 of 2nd period - Stopped by Michael Hutchinson with a rebound.
12:51 of 2nd period - Slapshot by T.J. Hensick.
12:51 of 2nd period - Stopped by Michael Hutchinson with a rebound.
12:53 of 2nd period - Slapshot by Anthony Stewart.
12:53 of 2nd period - Stopped by Michael Hutchinson with a rebound.
12:55 of 2nd period - Slapshot by Kyle Cumiskey.
12:55 of 2nd period - Shot Misses the Net.
13:06 of 2nd period - Mathieu Roy is hit by Kyle Cumiskey and loses puck.
14:26 of 2nd period - Marc-Antoine Pouliot is hit by Brandon Bochenski and loses puck.
14:45 of 2nd period - Brad Richardson is hit by Raymond Sawada and loses puck.
15:06 of 2nd period - Tony Lucia is hit by Anton Babchuk and loses puck.
15:13 of 2nd period - Brad Staubitz is hit by Anthony Stewart and loses puck.
16:12 of 2nd period - Andy Rogers is hit by Josh Brittain and loses puck.
16:32 of 2nd period - Anton Babchuk is hit by Tony Lucia.
17:05 of 2nd period - Paul Bissonnette is hit by Matt Corrente and loses puck.
17:26 of 2nd period - Wrist shot by Shean Donovan.
17:26 of 2nd period - Deflect By Ryan Craig.
17:26 of 2nd period - Stopped by Chad Johnson without a rebound.
17:27 of 2nd period - T.J. Hensick wins face-off versus Radek Smolenak in Demolitions zone.
17:57 of 2nd period - Slapshot by Ryan Craig.
17:57 of 2nd period - Shot Misses the Net.
18:22 of 2nd period - Snap shot by Brad Richardson.
18:22 of 2nd period - Stopped by Michael Hutchinson with a rebound.
18:34 of 2nd period - Wrist shot by T.J. Hensick.
18:34 of 2nd period - Stopped by Michael Hutchinson with a rebound.
18:49 of 2nd period - Icing by Josh Brittain.
18:50 of 2nd period - Kris Beech wins face-off versus Nicolas Blanchard in Spitfire zone.
19:22 of 2nd period - Slapshot by Keaton Ellerby.
19:22 of 2nd period - Deflect By Brad Staubitz.
19:22 of 2nd period - Shot Misses the Net.
19:22 of 2nd period - Puck is out of play.
19:23 of 2nd period - Kris Beech wins face-off versus T.J. Hensick in Demolitions zone.
19:34 of 2nd period - Wrist shot by Kris Beech.
19:34 of 2nd period - Deflect By Shean Donovan.
19:34 of 2nd period - Stopped by Chad Johnson without a rebound.
19:35 of 2nd period - T.J. Hensick wins face-off versus Kris Beech in Demolitions zone.
Goals for this period are 1 for Spitfire vs 3 for Demolitions.
Shots for this period are 12 for Spitfire vs 16 for Demolitions.
3rd period
0:01 of 3rd period - T.J. Hensick wins face-off versus Kris Beech in neutral zone.
0:04 of 3rd period - Slapshot by T.J. Hensick.
0:04 of 3rd period - Shot Misses the Net.
0:10 of 3rd period - Snap shot by T.J. Hensick.
0:10 of 3rd period - Shot Blocked by Kris Beech.
0:12 of 3rd period - Wrist shot by Kyle Cumiskey.
0:12 of 3rd period - Shot Misses the Net.
0:14 of 3rd period - Slapshot by Anthony Stewart.
0:14 of 3rd period - Shot Blocked by Kevin Klein.
0:16 of 3rd period - Snap shot by Marcel Hossa.
0:16 of 3rd period - Shot Misses the Net.
0:26 of 3rd period - Erik Condra is hit by Troy Brouwer.
1:41 of 3rd period - Slapshot by Shean Donovan.
1:41 of 3rd period - Stopped by Chad Johnson with a rebound.
1:43 of 3rd period - Slapshot by Keaton Ellerby.
1:43 of 3rd period - Deflect By Shean Donovan.
1:43 of 3rd period - Shot Misses the Net.
1:43 of 3rd period - Puck is out of play.
1:44 of 3rd period - Kris Beech wins face-off versus Brad Richardson in Demolitions zone.
1:46 of 3rd period - Minor Penalty to Troy Brouwer for High sticking.
1:47 of 3rd period - T.J. Hensick wins face-off versus Kris Beech in Demolitions zone.
2:01 of 3rd period - Slapshot by Shean Donovan.
2:01 of 3rd period - Shot Misses the Net.
2:25 of 3rd period - Slapshot by Mathieu Roy.
2:25 of 3rd period - Stopped by Chad Johnson without a rebound.
2:26 of 3rd period - Kris Beech wins face-off versus T.J. Hensick in Demolitions zone.
2:31 of 3rd period - Wrist shot by Kris Beech.
2:31 of 3rd period - Stopped by Chad Johnson with a rebound.
2:51 of 3rd period - Radek Smolenak is hit by Anthony Stewart.
3:46 of 3rd period - Penalty to Troy Brouwer is over, Troy Brouwer is back on ice.
4:01 of 3rd period - Jordan LaVallee is hit by Keaton Ellerby and loses puck.
4:34 of 3rd period - Mathieu Roy is hit by T.J. Hensick.
6:11 of 3rd period - Off-side.
6:12 of 3rd period - Ryan Craig wins face-off versus Marc-Antoine Pouliot in neutral zone.
6:51 of 3rd period - Slapshot by Mathieu Roy.
6:51 of 3rd period - Shot Misses the Net.
6:53 of 3rd period - Slapshot by Kevin Klein.
6:53 of 3rd period - Deflect By Marcel Hossa.
6:53 of 3rd period - Stopped by Chad Johnson without a rebound.
6:54 of 3rd period - T.J. Hensick wins face-off versus Brad Staubitz in Demolitions zone.
7:19 of 3rd period - Brandon Bochenski is hit by Paul Bissonnette.
7:20 of 3rd period - Minor Penalty to Eric Mestery for Interference.
7:21 of 3rd period - T.J. Hensick wins face-off versus Shean Donovan in Spitfire zone.
7:58 of 3rd period - Slapshot by Kyle Cumiskey.
7:58 of 3rd period - Shot Blocked by Mathieu Roy.
8:16 of 3rd period - Andy Rogers is hit by Marc-Antoine Pouliot.
8:28 of 3rd period - Wrist shot by Troy Brouwer.
8:28 of 3rd period - Goal by Troy Brouwer - Spitfire : 1 - Demolitions : 6.
8:29 of 3rd period - T.J. Hensick wins face-off versus Kris Beech in neutral zone.
8:34 of 3rd period - Snap shot by Anthony Stewart.
8:34 of 3rd period - Shot Blocked by Shean Donovan.
8:58 of 3rd period - Icing by Radek Smolenak.
8:59 of 3rd period - Marc-Antoine Pouliot wins face-off versus Ryan Craig in Spitfire zone.
9:26 of 3rd period - Marc-Antoine Pouliot is hit by Cal Clutterbuck and loses puck.
9:45 of 3rd period - Wrist shot by Marc-Antoine Pouliot.
9:45 of 3rd period - Shot Misses the Net.
9:53 of 3rd period - Slapshot by Kevin Klein.
9:53 of 3rd period - Shot Misses the Net.
9:55 of 3rd period - Snap shot by Marc-Antoine Pouliot.
9:55 of 3rd period - Stopped by Chad Johnson without a rebound.
9:56 of 3rd period - T.J. Hensick wins face-off versus Kris Beech in Demolitions zone.
9:58 of 3rd period - Minor Penalty to Kyle Cumiskey for Tripping.
9:59 of 3rd period - T.J. Hensick wins face-off versus Kris Beech in Demolitions zone.
9:59 of 3rd period - T.J. Hensick is hit by Paul Bissonnette.
10:58 of 3rd period - Icing by Kris Beech.
10:59 of 3rd period - Kris Beech wins face-off versus Cal Clutterbuck in Spitfire zone.
11:58 of 3rd period - Penalty to Kyle Cumiskey is over, Kyle Cumiskey is back on ice.
12:16 of 3rd period - Petr Vrana is hit by Josh Brittain and loses puck.
12:27 of 3rd period - Matt Delahey is hit by Cal Clutterbuck and loses puck.
12:59 of 3rd period - Wrist shot by Cal Clutterbuck.
12:59 of 3rd period - Stopped by Michael Hutchinson with a rebound.
13:01 of 3rd period - Slapshot by Kyle Wharton.
13:01 of 3rd period - Shot Misses the Net.
13:19 of 3rd period - Snap shot by Cal Clutterbuck.
13:19 of 3rd period - Stopped by Michael Hutchinson with a rebound.
13:21 of 3rd period - Wrist shot by Ryan Craig.
13:21 of 3rd period - Deflect By Petr Vrana.
13:21 of 3rd period - Stopped by Michael Hutchinson with a rebound.
13:23 of 3rd period - Snap shot by Kyle Wharton.
13:23 of 3rd period - Shot Blocked by Matt Walker.
13:46 of 3rd period - Keaton Ellerby is hit by Ryan Craig and loses puck.
14:05 of 3rd period - Snap shot by Ryan Craig.
14:05 of 3rd period - Shot Misses the Net.
14:07 of 3rd period - Snap shot by Kyle Cumiskey.
14:07 of 3rd period - Shot Misses the Net.
14:09 of 3rd period - Slapshot by Kyle Cumiskey.
14:09 of 3rd period - Shot Misses the Net.
14:11 of 3rd period - Slapshot by Anton Babchuk.
14:11 of 3rd period - Stopped by Michael Hutchinson with a rebound.
14:13 of 3rd period - Slapshot by Kyle Cumiskey.
14:13 of 3rd period - Stopped by Michael Hutchinson with a rebound.
14:15 of 3rd period - Wrist shot by Anton Babchuk.
14:15 of 3rd period - Shot Misses the Net.
14:17 of 3rd period - Snap shot by Cal Clutterbuck.
14:17 of 3rd period - Goal by Cal Clutterbuck - Spitfire : 1 - Demolitions : 7.
14:18 of 3rd period - Kris Beech wins face-off versus T.J. Hensick in neutral zone.
14:23 of 3rd period - Anthony Stewart is hit by Paul Bissonnette and loses puck.
14:28 of 3rd period - Snap shot by Shean Donovan.
14:28 of 3rd period - Goal by Shean Donovan - Spitfire : 2 - Demolitions : 7.
14:29 of 3rd period - T.J. Hensick wins face-off versus Kris Beech in neutral zone.
14:58 of 3rd period - Erik Condra is hit by Andy Rogers and loses puck.
15:05 of 3rd period - Andy Rogers is hit by Mathieu Roy and loses puck.
15:24 of 3rd period - Snap shot by Tony Lucia.
15:24 of 3rd period - Stopped by Chad Johnson with a rebound.
15:26 of 3rd period - Wrist shot by Brad Staubitz.
15:26 of 3rd period - Stopped by Chad Johnson with a rebound.
15:36 of 3rd period - Shean Donovan is hit by Marcel Hossa.
15:40 of 3rd period - Anthony Stewart is hit by Paul Bissonnette.
15:56 of 3rd period - Major Penalty to Radek Smolenak for Kneeing.
15:57 of 3rd period - T.J. Hensick wins face-off versus Shean Donovan in Spitfire zone.
18:25 of 3rd period - Kevin Klein is hit by Petr Vrana and loses puck.
Goals for this period are 1 for Spitfire vs 2 for Demolitions.
Shots for this period are 8 for Spitfire vs 7 for Demolitions.
Output by the SimonT Hockey Simulator (STHS) for François Prévost -- Original Page W3C XHTML 1.0 Valid